 Dungeon Crawl Stone Soup version 0.26.0-45-g9c1d065592 (webtiles) character file.

Game seed: 16640334369605157383

111 Destapler the Sneak (level 4, -3/29 HPs)
             Began as an Octopode Earth Elementalist on Jan 29, 2021.
             Slain by an ogre
             ... wielding a +0 giant spiked club
              (18 damage)
             ... on level 4 of the Dungeon.
             The game lasted 00:11:56 (3565 turns).

Destapler the Sneak (Octopode Earth Elementalist)   Turns: 3565, Time: 00:11:57

Health: -3/29      AC:  1    Str:  7    XL:     4   Next: 92%
Magic:  7/7        EV: 13    Int: 18    God:
Gold:   125        SH:  3    Dex: 12    Spells: 6/7 levels left

rFire    . . .     SeeInvis .   d - +1 dagger (flame)
rCold    + . .     Faith    .   x - +0 buckler
rNeg     . . .     Spirit   .   (helmet restricted)
rPois    .         Reflect  .   (no amulet)
rElec    .         Harm     .   n - ring of fire
rCorr    .         Rampage  .   q - ring of ice
Will     .....                  w - ring of protection from cold
Stlth    +++.......             (no ring)
HPRegen  0.09/turn              (no ring)
MPRegen  0.10/turn              (no ring)
                                (no ring)
                                (no ring)

@: no status effects
A: almost no armour, stealthy swim, amphibious, 8 rings, constrict 8, camouflage
1, gelatinous body 1
a: no special abilities


You were on level 4 of the Dungeon.
You visited 1 branch of the dungeon, and saw 4 of its levels.

You collected 125 gold pieces.

Inventory:

Hand Weapons
 c - a +0 dagger
 d - a +1 dagger of flaming (weapon)
 v - a +3 short sword
Missiles
 b - 86 stones
 h - 7 boomerangs
 s - 33 poisoned darts
Armour
 x - a +0 buckler (worn)
Jewellery
 n - a ring of fire (left tentacle)
 q - a ring of ice (right tentacle)
 w - a ring of protection from cold (on tentacle)
Scrolls
 a - a scroll of magic mapping {unknown}
 e - 2 scrolls of fog {unknown}
 f - 3 scrolls of remove curse {unknown}
 i - 3 scrolls of identify {unknown}
 j - 3 scrolls of teleportation {unknown}
 k - a scroll of blinking {unknown}
 r - a scroll of noise {unknown}
 t - a scroll of enchant weapon {unknown}
 u - a scroll of amnesia {unknown}
Potions
 g - a potion of might {unknown}
 l - a potion of lignification {unknown}
 m - 2 potions of heal wounds {unknown}
 o - 2 potions of curing {unknown}
 p - a potion of flight {unknown}


   Skills:
 + Level 1.8 Fighting
 * Level 0.6 Short Blades
 + Level 2.7 Dodging
 + Level 3.9 Stealth
 * Level 0.0 Shields
 + Level 1.7 Unarmed Combat
 + Level 2.2 Spellcasting
 + Level 0.2 Conjurations
 - Level 1.0 Transmutations
 + Level 3.0 Earth Magic


You had 6 spell levels left.
You knew the following spells:

 Your Spells              Type           Power        Failure   Level
a - Sandblast             Erth           26%          9%          1

Your spell library contained the following spells:

 Spells                   Type           Power        Failure   Level
 Passwall                 Tmut/Erth      7%           19%         2
 Stone Arrow              Conj/Erth      14%          41%         3
 Petrify                  Tmut/Erth      9%           77%         4
 Lee's Rapid Deconstruct  Erth           6%           93%         5


Dungeon Overview and Level Annotations

Branches:
Dungeon (4/15)
 Temple: D:4-7

Altars:
Gozag
Okawaru
Qazlal
Uskayaw
Yredelemnul
Zin


Innate Abilities, Weirdness & Mutations

You cannot wear most types of armour.
You are very stealthy in the water. (Stealth+)
You are amphibious.
You can wear up to eight rings at the same time.
You can use your tentacles to constrict eight enemies at once.
Your skin changes colour to match your surroundings (Stealth+).
Your rubbery body absorbs attacks. (AC +1, EV +1)


Message History

An ogre comes into view. It is wielding a +0 giant spiked club.
Found a sedimented orange potion.
Found 9 gold pieces.
The helpless ogre fails to defend itself.
You puncture the ogre! You burn the ogre.
The ogre is heavily wounded.
The ogre barely misses you.
You hit the ogre. You burn the ogre.
The ogre is severely wounded.
The ogre misses you.
You hit the ogre. You burn the ogre. Your squeeze misses the ogre.
The ogre is severely wounded.
You barely miss the ogre.
The ogre is severely wounded.
The ogre hits you with a +0 giant spiked club!
Ouch! That really hurt!
There is a stone staircase leading up here.
The ogre hits you with a +0 giant spiked club!!
Ouch! That really hurt!
You die...

#...... .###......
..#......# ........+ ###.##
#.# ############
#.....##.###...........
.......#.......########
.......#..##.#.###
..._......##.#.O@##########
.......#..##.......).......
.......#..#################
#.....##..?. ###.## #.###$
... ..# # #.# ##! #. .


You could see an ogre.

Vanquished Creatures
  2 adders
  2 oozes
  2 worms (D:3)
  2 leopard geckos
  8 orcs
  5 bats
  A giant cockroach (D:1)
  6 goblins
  5 hobgoblins
  7 jackals
  7 kobolds
  3 quokkas (D:2)
  3 ball pythons
  3 frilled lizards
  10 rats
66 creatures vanquished.

Notes
Turn   | Place    | Note
-------+----------+-------------------------------------------
     0 | D:1      | Destapler the Octopode Earth Elementalist began the quest
                  | for the Orb.
     0 | D:1      | Reached XP level 1. HP: 11/11 MP: 3/3
   261 | D:1      | Reached XP level 2. HP: 16/18 MP: 5/5
   692 | D:1      | Reached skill level 1 in Fighting
   692 | D:1      | Reached skill level 1 in Unarmed Combat
   694 | D:1      | Reached XP level 3. HP: 17/23 MP: 2/6
  1699 | D:2      | Reached XP level 4. HP: 26/28 MP: 7/7
  3351 | D:3      | Found a hide-covered altar of Uskayaw.
  3353 | D:3      | Found a basalt altar of Yredelemnul.
  3357 | D:3      | Found a stormy altar of Qazlal.
  3357 | D:3      | Found a glowing silver altar of Zin.
  3358 | D:3      | Found an iron altar of Okawaru.
  3533 | D:4      | Found an opulent altar of Gozag.
  3549 | D:4      | Noticed an ogre
  3565 | D:4      | Slain by an ogre

Illustrated notes

Levels and vault maps discovered:
D:1:      onia_arrival_handbag, layout_rooms, minmay_unequal
D:2:      layout_basic
D:3:      layout_loops_corners, minitemple
D:4:      layout_basic, nemelex_xobeh_ov_fountains_minmay, old_standard_altar,
          lemuel_temple_firewalk_a

Skill      XL: |  1  2 |
---------------+-------+-----
Stealth        | 3 |  3.9
Fighting       | 1 |  1.8
Unarmed Combat | 1 |  1.7
Short Blades   | |  0.6
Dodging        | |  2.7
Spellcasting   | |  2.2
Conjurations   | |  0.2
Transmutations | |  1.0
Earth Magic    | |  3.0

Action                   |  1- 3 |  4- 6 || total
-------------------------+-------+-------++-------
Melee: Unarmed           |    16 |       ||    16
       Constrict         |    30 |    14 ||    44
       Tentacles         |    11 |    10 ||    21
       Dagger            |    69 |    64 ||   133
       Punch             |     1 |     1 ||     2
 Cast: Sandblast         |     6 |     8 ||    14
 Stab: Sleeping          |     9 |     7 ||    16
Armor: Skin              |     6 |     5 ||    11
Dodge: Dodged            |    50 |    38 ||    88
